Map: Stasis LE

Players

TheMusZero

  • Race: Protoss Protoss
  • League: Master
  • Spawn Location: 11:00

Serral - Winner!

  • Race: Terran Terran
  • League: Master
  • Spawn Location: 1:00

VOD

Have the link to the VOD?

Description

Time

  • Played on: Dec. 3, 2018, 11:16 a.m.
  • Length: 4:55
Show
View Real Time Build Order
Export as new Build Order

TheMusZero Protoss 

Build Orders:  

Get SALT Encoding   

  1  0:00  Probe  
  12  0:05  Probe  
  14  0:18  Pylon  
  14  0:22  Probe  
  15  0:36  Probe  
  15  0:40  Forge  
  16  0:48  Probe  
  17  0:58  Pylon  
  17  1:01  Probe  
  18  1:17  Gateway  
  18  1:20  Photon Cannon  
  18  1:30  Assimilator  
  19  1:32  Probe, Assimilator  
  19  1:45  Probe  
  20  1:57  Probe  
  20  2:07  Cybernetics Core  
  20  2:13  Photon Cannon  
  20  2:16  Pylon  
  20  2:17  Probe  
  21  2:29  Probe  
  22  2:36  Adept  
  22  2:44  Stargate  
  24  2:52  Shield Battery  
  24  2:56  Photon Cannon  
  24  3:01  Shield Battery  
  24  3:07  Adept  
  26  3:35  Fleet Beacon  
  26  3:40  Shield Battery  
  26  3:47  Adept  
  26  4:03  Pylon  
  26  4:14  Adept  
  26  4:15  Photon Cannon  
  29  4:34  Pylon  
Show
View Real Time Build Order
Export as new Build Order

Serral Terran - Winner!

Build Orders: Cyclone Opening 

Get SALT Encoding   

  12  0:00  SCV  
  13  0:12  SCV  
  14  0:17  Supply Depot  
  14  0:24  SCV  
  15  0:39  SCV  
  15  0:40  Barracks  
  16  0:44  Refinery  
  16  0:51  SCV  
  17  1:03  SCV  
  18  1:15  SCV  
  19  1:25  Refinery  
  19  1:28  Marine  
  19  1:29  Orbital Command  
  20  1:35  Supply Depot  
  20  1:45  Factory  
  20  1:46  Marine  
  20  1:55  SCV  
  21  2:04  Barracks Tech Lab  
  21  2:07  SCV  
  22  2:15  Supply Depot  
  22  2:19  SCV  
  23  2:31  SCV  
  24  2:38  Mag-Field Accelerator, Cyclone  
  24  2:43  SCV, Supply Depot  
  27  2:55  SCV  
  28  3:07  SCV  
  28  3:10  Cyclone, Starport  
  32  3:19  SCV  
  33  3:33  SCV  
  34  3:40  Marine  
  35  3:42  Cyclone  
  35  3:46  SCV  
  39  3:49  Viking  
  41  3:58  Marine, SCV  
  41  4:02  Supply Depot  
  43  4:03  Supply Depot  
  42  4:14  Cyclone  
  42  4:16  Marine, SCV  
  47  4:28  SCV  
  48  4:34  Marine  
  49  4:40  SCV  
Tags
 
Add a new tag
Caveats
  • Supply blocks, unpowered buildings, or Contaminate may cause inaccurate times.
  • Supply counts are checked every 10 seconds.